Map: Pride of Altaris LE

Players

Riegel - Winner!

  • Race: Zerg Zerg
  • League: Platinum
  • Spawn Location: 5:00

ftwoamove

  • Race: Terran Terran
  • League: Platinum
  • Spawn Location: 11:00

VOD

Have the link to the VOD?

Description

Time

  • Played on: May 29, 2022, 6:22 a.m.
  • Length: 11:59
Show
View Real Time Build Order
Export as new Build Order

Riegel Zerg - Winner!

Build Orders: Hatch First 

Get SALT Encoding   

  12  0:03  Drone  
  13  0:12  Overlord  
  13  0:18  Drone  
  14  0:32  Drone x2  
  16  0:50  Hatchery  
  16  0:53  Drone  
  16  1:08  Spawning Pool  
  16  1:10  Drone  
  16  1:15  Drone  
  17  1:18  Drone  
  17  1:22  Extractor  
  17  1:24  Drone  
  18  1:34  Drone  
  19  1:43  Overlord  
  19  1:55  Queen  
  19  1:56  Zergling x2  
  22  2:04  Queen  
  22  2:07  Drone, Zergling x2  
  26  2:16  Zergling x2  
  26  2:17  Drone  
  26  2:22  Metabolic Boost  
  28  2:28  Overlord, Drone  
  29  2:38  Drone x2  
  29  2:43  Queen  
  33  2:48  Drone x2  
  35  3:15  Zergling x2  
  35  3:16  Drone x5, Zergling x2  
  35  3:17  Drone x2  
  44  3:28  Hatchery  
  40  3:51  Drone  
  40  3:52  Drone x2  
  43  3:55  Overlord  
  43  3:56  Overlord, Drone  
  43  4:00  Extractor  
  43  4:03  Drone  
  43  4:07  Baneling Nest  
  43  4:08  Drone  
  43  4:09  Evolution Chamber, Drone  
  44  4:11  Evolution Chamber  
  44  4:12  Drone  
  44  4:26  Lair  
  44  4:27  Drone x2  
  44  4:28  Drone  
  47  4:33  Drone, Extractor  
  47  4:34  Extractor  
  46  5:01  Baneling  
  46  5:02  Baneling x3  
  46  5:04  Zergling x24  
  46  5:06  Overlord x2  
  58  5:18  Zerg Melee Weapons Level 1  
  58  5:19  Zerg Ground Armor Level 1  
  58  5:29  Drone  
  58  5:30  Drone x2  
  58  5:31  Drone x3  
  64  5:36  Centrifugal Hooks  
  51  6:00  Overlord x2  
  51  6:01  Drone x4  
  51  6:02  Drone x6  
  51  6:03  Drone  
  61  6:18  Spire, Zergling x8  
  64  6:27  Pneumatized Carapace  
  64  6:30  Hatchery  
  64  6:32  Zergling x2  
  64  6:33  Zergling x6  
  64  6:38  Baneling x5  
  64  6:39  Baneling x3  
  67  6:45  Zergling x20  
  77  6:53  Baneling  
  77  6:54  Baneling x6  
  77  6:55  Baneling  
  77  7:06  Overlord x2  
  77  7:07  Overlord, Zergling x4  
  77  7:08  Drone x2, Zergling x2  
  82  7:20  Overlord  
  82  7:21  Overlord  
  82  7:27  Zerg Melee Weapons Level 2  
  82  7:29  Infestation Pit  
  81  7:31  Zerg Ground Armor Level 2  
  81  7:45  Drone x3  
  81  7:46  Drone x2  
  81  7:50  Extractor x2  
  77  8:11  Corruptor x3  
  77  8:12  Corruptor  
  84  8:23  Drone  
  84  8:25  Queen x2  
  91  8:29  Hive  
  91  8:31  Drone x3  
  91  8:32  Drone  
  91  8:33  Drone x2  
  95  8:40  Corruptor  
  97  8:43  Corruptor  
  99  9:22  Corruptor x2  
  99  9:23  Overlord, Zergling x6  
  99  9:24  Overlord x2, Zergling x4  
  106  9:25  Drone, Zergling x6  
  106  9:26  Drone x4  
  106  9:27  Zergling x2  
  117  9:33  Overseer  
  117  9:48  Corruptor x2  
  117  9:49  Overlord  
  117  9:50  Overlord x3  
  117  9:51  Zergling x8  
  117  9:52  Zergling x4  
  127  9:57  Ultralisk Cavern  
  127  9:59  Greater Spire  
  126  10:04  Hatchery  
  125  10:18  Overlord x2  
  125  10:19  Overlord  
  125  10:20  Overlord  
  125  10:32  Overlord x2  
  125  10:33  Zergling x6  
  128  10:44  Ultralisk x3  
  128  10:45  Ultralisk  
  128  10:47  Zergling x8  
  141  11:14  Baneling x2  
  141  11:15  Baneling x5  
  127  11:34  Zergling x2  
  127  11:35  Zergling x22  
Show
View Real Time Build Order
Export as new Build Order

ftwoamove Terran 

Build Orders:  

Get SALT Encoding   

  12  0:00  SCV  
  13  0:12  SCV  
  14  0:17  Supply Depot  
  14  0:24  SCV  
  15  0:39  SCV  
  15  0:40  Barracks  
  16  0:45  Refinery  
  16  0:51  SCV  
  17  1:03  SCV  
  18  1:15  SCV  
  19  1:28  Orbital Command  
  19  1:30  Marine  
  20  1:39  Command Center  
  20  1:53  Marine  
  21  1:54  Supply Depot  
  21  1:55  SCV  
  22  2:08  SCV  
  22  2:22  Factory  
  22  2:29  Barracks Reactor  
  22  2:31  SCV  
  23  2:43  SCV  
  24  2:45  Refinery  
  24  2:52  Orbital Command  
  24  2:55  SCV  
  25  3:02  Barracks  
  25  3:07  SCV  
  24  3:14  Marine x2  
  25  3:22  Factory Tech Lab  
  25  3:26  Orbital Command  
  25  3:45  Supply Depot  
  25  3:46  Siege Tank  
  28  3:51  Barracks Tech Lab  
  28  3:53  Marine x2  
  28  3:55  SCV x2  
  32  4:07  Supply Depot, SCV x2  
  32  4:08  Starport  
  34  4:11  Marine  
  34  4:14  Stimpack  
  35  4:18  Marine x2  
  37  4:25  Orbital Command  
  37  4:29  Marine  
  38  4:38  Marine x2, SCV  
  39  4:40  Supply Depot  
  41  4:47  Marine  
  41  4:50  SCV  
  41  4:51  SCV  
  44  4:52  Starport Reactor  
  44  4:56  Marine x2  
  46  5:02  SCV  
  46  5:06  Supply Depot  
  47  5:10  Marine  
  47  5:11  Siege Tank  
  51  5:14  Marine  
  52  5:23  SCV  
  52  5:25  SCV  
  52  5:27  Marine  
  55  5:28  Marine  
  55  5:31  Supply Depot  
  55  5:32  Marine  
  55  5:33  Supply Depot  
  55  5:35  SCV  
  58  5:37  Medivac x2, SCV  
  63  5:47  SCV  
  55  5:59  Marine x3, SCV x2  
  55  6:00  Siege Tank  
  63  6:06  Supply Depot  
  63  6:09  Medivac  
  63  6:10  Supply Depot  
  63  6:11  SCV  
  66  6:17  Marine x3  
  69  6:22  Command Center  
  69  6:28  Refinery, Engineering Bay, SCV x2  
  69  6:29  Engineering Bay  
  69  6:30  Refinery  
  71  6:35  Supply Depot  
  71  6:36  Supply Depot  
  71  6:40  SCV x2  
  71  6:41  Marine  
  74  6:52  SCV  
  74  6:53  SCV  
  76  7:00  Combat Shield  
  76  7:03  Terran Infantry Weapons Level 1  
  76  7:04  Terran Infantry Armor Level 1  
  76  7:05  SCV  
  76  7:08  SCV  
  78  7:12  Medivac  
  78  7:13  Marine x3  
  83  7:17  SCV  
  83  7:22  SCV  
  85  7:29  SCV  
  86  7:31  Marine x3  
  86  7:34  SCV  
  86  7:36  Supply Depot  
  90  7:46  Medivac x2, Siege Tank  
  90  7:49  Marine x3  
  89  8:06  Marine x3  
  89  8:09  Missile Turret x2  
  89  8:10  Missile Turret, SCV x3  
  89  8:11  Missile Turret  
  90  8:24  Marine x3  
  93  8:31  Missile Turret  
  93  8:32  Armory, Missile Turret  
  93  8:37  Missile Turret  
  95  8:41  Widow Mine  
  95  8:42  Marine x3  
  98  9:00  Marine x3  
  103  9:03  Widow Mine  
  103  9:18  Marine x3  
  106  9:27  Terran Vehicle Weapons Level 1  
  106  9:28  Barracks  
  106  9:29  Barracks x2, Thor  
  112  9:31  Medivac x2  
  112  9:34  Orbital Command  
  112  9:35  Marine x2  
  118  9:44  SCV x2  
  120  9:53  Missile Turret  
  120  9:54  Marine x3, Missile Turret  
  123  10:12  Marine  
  124  10:15  Refinery x2, Marine x3  
  124  10:16  SCV  
  128  10:24  Marine  
  130  10:30  Marine  
  130  10:31  Missile Turret  
  130  10:33  Marine x2  
  133  10:41  Barracks Reactor  
  133  10:42  Barracks Reactor  
  132  10:44  Supply Depot  
  132  10:45  Supply Depot  
  132  10:46  Supply Depot  
  132  10:47  Supply Depot  
  132  10:59  Command Center  
  117  11:36  Marine x8  
Tags
 
Add a new tag
Caveats
  • Supply blocks, unpowered buildings, or Contaminate may cause inaccurate times.
  • Supply counts are checked every 10 seconds.